 Dungeon Crawl Stone Soup version 0.18-a0-1454-g5e6cd1e (webtiles) character file.

811 KarvaRausku the Skirmisher (level 8, -11/65 HPs)
             Began as a Formicid Fighter on Mar 1, 2016.
             Was an Initiate of Okawaru.
             Killed by nerve-wracking pain
             ... invoked by an orc priest
              (14 damage)
             ... on level 5 of the Dungeon.
             The game lasted 00:13:17 (4872 turns).

KarvaRausku the Skirmisher (Formicid Fighter)       Turns: 4872, Time: 00:13:17

Health: -11/65     AC:  8    Str: 22    XL:     8   Next: 15%
Magic:  8/8        EV:  8    Int: 10    God:    Okawaru [......]
Gold:   211        SH:  9    Dex: 11    Spells: 0 memorised, 7 levels left

rFire  . . .     SeeInvis +     a - +0 long sword
rCold  . . .     Gourm    .     b - +0 scale mail
rNeg   . . .     Faith    .     c - +0 shield
rPois  .         Spirit   .     (helmet unavailable)
rElec  .         Dismiss  .     (no cloak)
rCorr  .         Reflect  .     (no gloves)
SustAt .         Harm     .     q - +0 pair of boots
MR     .....                    (no amulet)
Stlth  ..........               (no ring)
                                z - +2 ring of intelligence

@: not resistant to hostile enchantments, extremely unstealthy
A: permanent stasis, dig shafts and tunnels, four strong arms, antennae 3
a: Dig, Shaft Self, Renounce Religion


You were on level 5 of the Dungeon.
You worshipped Okawaru.
Okawaru was noncommittal.
You were very hungry.

You visited 2 branches of the dungeon, and saw 6 of its levels.

You collected 211 gold pieces.

Inventory:

Hand Weapons
 a - a +0 long sword (weapon)
 e - a cursed -1 hand axe
 x - a +0 falchion
 y - a cursed -3 hunting sling
Armour
 b - a +0 scale mail (worn)
 c - a +0 shield (worn)
 q - a +0 pair of boots (worn)
Jewellery
 z - a +2 ring of intelligence (left hand)
Wands
 s - a wand of polymorph (2/24)
 D - a wand of acid (9/15)
Scrolls
 g - 5 scrolls of identify {unknown}
 i - a scroll of enchant armour {unknown}
 k - 4 scrolls of recharging {unknown}
 n - 4 scrolls of amnesia {unknown}
 p - a scroll of magic mapping {unknown}
 u - a scroll of teleportation {unknown}
 v - a scroll of random uselessness {unknown}
 w - a scroll of remove curse {unknown}
 A - 2 scrolls of fog {unknown}
 C - a scroll of fear {unknown}
 E - a scroll of immolation {unknown}
Potions
 d - a potion of might
 h - 2 potions of agility
 j - a potion of brilliance {unknown}
 l - a potion of resistance {unknown}
 o - a potion of cure mutation {unknown}
 t - a potion of degeneration {unknown}
 B - a potion of cancellation {unknown}
 F - a potion of curing
 G - a potion of haste {unknown}
Comestibles
 f - 4 bread rations
 m - 5 beef jerkies
 r - 4 fruits


   Skills:
 * Level 6.7 Fighting
 * Level 5.9 Long Blades
 + Level 4.1 Armour
 + Level 1.5 Dodging
 + Level 4.3 Shields


You had 7 spell levels left.
You didn't know any spells.

Dungeon Overview and Level Annotations

Branches:
Dungeon (5/15)             Temple (1/1) D:4

Altars:
Dithmenos
Elyvilon
Fedhas
Gozag
Kikubaaqudgha
Makhleb
Nemelex Xobeh
Okawaru
Qazlal
Ru
Sif Muna
Vehumet
Xom
Yredelemnul
Zin


Innate Abilities, Weirdness & Mutations

You are under a permanent stasis effect.
You can dig through walls and to a lower floor.
Your four strong arms can wield two-handed weapons with a shield.
You have a pair of large antennae on your head (SInv).


Message History

Your shield and scale mail prevent you from hitting the orc priest.
The orc priest is lightly wounded.
The orc priest calls down the wrath of Beogh upon you.
Beogh smites you! You block the orc's attack.
You closely miss the orc priest.
The orc priest is lightly wounded.
You block the orc priest's attack. The orc hits you but does no damage.
The orc throws a stone.
The stone hits you.
The orc priest invokes the aid of Beogh against you.
Beogh smites you!
* * * LOW HITPOINT WARNING * * *
You see here a stone.
The orc throws a stone.
The stone closely misses you.
The orc priest casts a cantrip, but nothing happens.
The orc priest mumbles some strange prayers to Beogh against you.
Beogh smites you!
* * * LOW HITPOINT WARNING * * *
The orc priest invokes the aid of Beogh against you.
Pain shoots through your body!
You die...

#.# #..### #.# ...
#....# #.# ...
#.##.# # #.# ..
#.##.##.# ##.## .#
###.......# #...#
##.# #...##.####
#...# #..###.#.##.#
#...####.##..<#...<#
##.###...@..#####.##
#.# #.#..#...# ..#
#.###.#..#.#.#.###
#.>...o..#.# ..
#####o##o#.# # #
#.##.#.# #.()...#
####)### #...#


You could see an orc priest and 2 orcs.

Vanquished Creatures
  Sigmund (D:2)
  2 phantoms (D:4)
  An eye of draining (D:4)
  A giant frog skeleton (D:4)
  3 orc priests
  3 orc wizards
  Ijyb (D:2)
  A worker ant (D:4)
  3 adders
  An ooze (D:2)
  3 worms (D:4)
  4 giant geckos
  20 orcs
  A ball python (D:3)
  4 bats
  6 giant cockroaches
  7 goblins
  A hobgoblin (D:2)
  11 jackals
  5 giant newts
  2 kobolds
  A rat (D:2)
  A toadstool (D:1)
83 creatures vanquished.

Vanquished Creatures (others)
  3 toadstools (D:1)
3 creatures vanquished.

Grand Total: 86 creatures vanquished

Notes
Turn   | Place    | Note
--------------------------------------------------------------
     0 | D:1      | KarvaRausku the Formicid Fighter began the quest for the Orb.
     0 | D:1      | Reached XP level 1. HP: 18/18 MP: 1/1
   407 | D:1      | Reached XP level 2. HP: 18/24 MP: 2/2
  1005 | D:2      | Reached XP level 3. HP: 27/30 MP: 3/3
  1125 | D:2      | Reached skill level 4 in Fighting
  1253 | D:2      | Noticed Sigmund
  1266 | D:2      | Killed Sigmund
  1266 | D:2      | Reached skill level 5 in Fighting
  1266 | D:2      | Reached XP level 4. HP: 15/39 MP: 4/4
  1266 | D:2      | Reached XP level 5. HP: 16/44 MP: 5/5
  1266 | D:2      | Reached XP level 6. HP: 18/51 MP: 6/6
  1542 | D:2      | Noticed Ijyb
  1551 | D:2      | Killed Ijyb
  2735 | D:3      | Found a deep blue altar of Sif Muna.
  2855 | D:4      | Reached skill level 5 in Long Blades
  2855 | D:4      | Reached XP level 7. HP: 32/57 MP: 7/7
  3295 | D:4      | Reached skill level 6 in Fighting
  3501 | D:4      | Reached skill level 1 in Dodging
  4057 | D:4      | Found a staircase to the Ecumenical Temple.
  4117 | Temple   | Entered the Ecumenical Temple
  4341 | Temple   | Became a worshipper of Warmaster Okawaru
  4755 | D:4      | Reached XP level 8. HP: 65/65 MP: 0/8
  4761 | D:5      | Entered Level 5 of the Dungeon
  4871 | D:5      | HP: 3/65 [orc priest/divine providence (13)]
  4872 | D:5      | Killed from afar by an orc priest

Vault maps used:
D:1:      ldierk_water_garden
D:2:      hangedman_decor_lopped, uniq_sigmund, uniq_iyjb
D:3:      lemuel_coloured_pillars_altar
D:4:      minmay_temple_entry_purple_smoke, first_bread, feat_on_display
D:5:      enter_ossuary_2
Temple:   chambers_temple_14

Skill      XL: |  1  2  3  4  5  6  7 |
---------------+----------------------+-----
Fighting       | 5 6 |  6.7
Long Blades    | 4 5 |  5.9
Shields        | 4 |  4.3
Dodging        | 1 |  1.5
Armour         | 4 |  4.1

Action                   |  1- 3 |  4- 6 |  7- 9 || total
-------------------------+-------+-------+-------++-------
Melee: Long sword        |    89 |   101 |   158 ||   348
 Abil: Dig               |       |       |     2 ||     2
Evoke: Wand              |       |     1 |       ||     1
  Use: Potion            |     1 |       |       ||     1
  Eat: Chunk             |     1 |     5 |     6 ||    12
